 Dungeon Crawl Stone Soup version 0.21.1-1-g345015fe64 (webtiles) character file.

58 ILYA101 the Ducker (level 3, -1/36 HPs)
             Began as a Troll Fighter on July 10, 2018.
             Slain by a gnoll
             ... wielding a +0 spear
              (11 damage)
             ... on level 2 of the Dungeon.
             The game lasted 00:02:55 (1051 turns).

ILYA101 the Ducker (Troll Fighter)                  Turns: 1051, Time: 00:02:56

Health: -1/36      AC:  5    Str: 25    XL:     3   Next: 75%
Magic:  2/2        EV:  8    Int:  4    God:
Gold:   98         SH:  9    Dex:  9    Spells: 2/2 levels left

rFire    . . .     SeeInvis .   j - -2 whip (curse)
rCold    . . .     Gourm    +   c - +0 shield
rNeg     . . .     Faith    .   b - +0 robe
rPois    .         Spirit   .   (helmet restricted)
rElec    .         Reflect  .   (no cloak)
rCorr    .         Harm     .   (gloves unavailable)
MR       .....                  (boots unavailable)
Stlth    +.........             i - amulet of regeneration
HPRegen  0.92/turn              (no ring)
MPRegen  0.08/turn              (no ring)

@: no status effects
A: large, unfitting armour, claws 3, fast metabolism 3, gourmand, regeneration
1, shaggy fur 1, tough skin 2
a: no special abilities


You were on level 2 of the Dungeon.
You were completely stuffed.

You visited 1 branch of the dungeon, and saw 2 of its levels.

You collected 98 gold pieces.

Inventory:

Hand Weapons
 a - a +1 flail
 j - a cursed -2 whip (weapon)
Armour
 b - a +0 robe (worn)
 c - a +0 shield (worn)
Jewellery
 i - an amulet of regeneration (around neck)
 o - a cursed ring of loudness {unknown}
Scrolls
 m - a scroll of immolation
 p - a scroll of identify
Potions
 d - 2 potions of might
 e - a potion of curing {unknown}
 h - a potion of heal wounds {unknown}
 k - a potion of agility {unknown}
 l - a potion of berserk rage {unknown}
 n - a potion of haste {unknown}
Comestibles
 f - 5 rations
 g - 5 chunks of flesh


   Skills:
 + Level 2.8 Fighting
 + Level 2.1 Maces & Flails
 + Level 3.0 Dodging
 + Level 0.1 Stealth
 + Level 2.8 Shields


You had 2 spell levels left.
You didn't know any spells.

Dungeon Overview and Level Annotations

Branches:
Dungeon (2/15)

Altars:
Nemelex Xobeh


Innate Abilities, Weirdness & Mutations

You are too large for most types of armour.
You have claws for hands.
Your metabolism is lightning-fast.
You like to eat raw meat.
Your natural rate of healing is unusually fast.
You are covered in fur. (AC +1)
You have very tough skin. (AC +2)


Message History

You kill the gnoll!
Your Dodging skill increases to level 3!
The gnoll hits you. The gnoll hits you but does no damage.
The gnoll barely misses you. You block the gnoll's attack.
You hit the gnoll but do no damage. The gnoll barely misses you.
The gnoll hits you.
You barely miss the gnoll.
The gnoll shouts!
The gnoll hits you but does no damage. The gnoll closely misses you.
You completely miss the gnoll. The gnoll hits you with a spear.
The gnoll hits you.
You closely miss the gnoll. You block the gnoll's attack. The gnoll hits you.
* * * LOW HITPOINT WARNING * * *
You barely miss the gnoll. The gnoll barely misses you.
You block the gnoll's attack. The gnoll hits you.
* * * LOW HITPOINT WARNING * * *
You hit the gnoll but do no damage. The gnoll barely misses you.
The gnoll hits you with a spear!
You die...

... #...........#
#g#####...........#
#########g... +...........#
#..........)# #...........#
#.........g.# #...........# #
#...........# #...........# #
#...........# #...........# #
#........รท.g###...........# #
#...........g@g...........# #
#.........................# #
#...................#+##..####
#...................# #......#
#...........######### +......#
#...........# #......#
############# ###.)### #.....
##.###


You could see 3 gnolls.

Vanquished Creatures
  A gnoll (D:2)
  A worm (D:2)
  3 dart slugs (D:2)
  2 leopard geckos
  An orc (D:2)
  4 bats
  2 giant cockroaches (D:1)
  3 goblins (D:1)
  6 hobgoblins
  4 kobolds
  A ball python (D:1)
  4 frilled lizards
  6 rats
38 creatures vanquished.

Notes
Turn   | Place    | Note
-------+----------+-------------------------------------------
     0 | D:1      | ILYA101 the Troll Fighter began the quest for the Orb.
     0 | D:1      | Reached XP level 1. HP: 22/22 MP: 0/0
    96 | D:1      | Reached XP level 2. HP: 29/29 MP: 1/1
   214 | D:1      | Found a sparkling altar of Nemelex Xobeh.
   773 | D:2      | Reached XP level 3. HP: 32/36 MP: 2/2
  1044 | D:2      | Reached skill level 3 in Dodging
  1051 | D:2      | Slain by a gnoll

Skill      XL: |  1  2  3 |
---------------+----------+-----
Maces & Flails | 2 |  2.1
Dodging        | 3 |  3.0
Fighting       | |  2.8
Stealth        | |  0.1
Shields        | |  2.8

Action                   || total
-------------------------++-------
Melee: Flail             ||    93
       Whip              ||    98
  Use: Scroll            ||     4
  Eat: Chunk             ||    16
Armor: Robe              ||    63
Dodge: Dodged            ||    70
Block: Shield            ||    99
